 Dungeon Crawl Stone Soup version 0.19.1-1-g22dce08 (webtiles) character file.

8122 esteth the Cleaver (level 11, -2/95 HPs)
             Began as a Minotaur Fighter on Jan 2, 2017.
             Was an Elder of Makhleb.
             Slain by a spiny frog (5 damage)
             ... on level 2 of the Lair of Beasts.
             The game lasted 00:24:17 (9036 turns).

esteth the Cleaver (Minotaur Fighter)               Turns: 9036, Time: 00:24:17

Health: -2/95      AC: 15    Str: 27    XL:     11   Next: 5%
Magic:  17/17      EV:  6    Int:  5    God:    Makhleb [****..]
Gold:   82         SH: 10    Dex:  9    Spells: 0 memorised, 10 levels left

rFire  . . .     SeeInvis .     a - +1 war axe
rCold  . . .     Gourm    .     H - +0 chain mail
rNeg   . . .     Faith    .     c - +0 shield
rPois  .         Spirit   .     (helmet restricted)
rElec  .         Reflect  .     J - +2 cloak
rCorr  .         Harm     .     (no gloves)
MR     +....                    w - +0 pair of boots
Stlth  ..........               G - amulet of magic regeneration
                                L - ring of protection from magic
                                p - +2 ring of strength

@: very slightly contaminated, hasted, very quick
A: retaliatory headbutt, horns 2
a: Minor Destruction, Lesser Servant of Makhleb, Major Destruction, Renounce
Religion


You were on level 2 of the Lair of Beasts.
You worshipped Makhleb.
Makhleb was greatly pleased with you.
You were not hungry.

You visited 2 branches of the dungeon, and saw 10 of its levels.
You also visited: Ossuary.

You collected 82 gold pieces.

Inventory:

Hand Weapons
 a - a +1 war axe (weapon)
Armour
 c - a +0 shield (worn)
 w - a +0 pair of boots (worn)
 H - a +0 chain mail (worn)
 J - a +2 cloak (worn)
Jewellery
 p - a +2 ring of strength (left hand)
 G - an amulet of magic regeneration (around neck)
 I - a +3 ring of dexterity
 L - a ring of protection from magic (right hand)
Wands
 v - a wand of disintegration (9/24)
 y - a wand of acid (6/15)
 D - a wand of flame (34/48)
 E - a wand of random effects (19/48)
 Q - a wand of digging (11/24)
 S - a wand of enslavement (18/24)
Scrolls
 b - 7 scrolls of remove curse
 h - 5 scrolls of identify
 j - a scroll of immolation {unknown}
 o - 8 scrolls of teleportation
 r - a scroll of random uselessness {unknown}
 s - a scroll of amnesia
 x - 2 scrolls of vulnerability {unknown}
 K - 3 scrolls of magic mapping {unknown}
 M - 2 scrolls of fear {unknown}
 N - a scroll of fog
 O - a scroll of enchant armour
Potions
 d - a potion of might
 e - 3 potions of curing
 k - 2 potions of cancellation
 l - 3 potions of lignification {unknown}
 m - 4 potions of degeneration {unknown}
 n - 5 potions of flight {unknown}
 t - 2 potions of brilliance {unknown}
 u - a potion of mutation {unknown}
 z - a potion of agility {unknown}
 C - a potion of cure mutation {unknown}
 F - 2 potions of resistance {unknown}
Books
 R - a book of Air

   Spells                             Type                      Level
   a - Shock                          Conjuration/Air              1
   b - Swiftness                      Charms/Air                   2
   c - Repel Missiles                 Charms/Air                   2
   d - Static Discharge               Conjuration/Air              3
   e - Lightning Bolt                 Conjuration/Air              5
Comestibles
 f - 10 bread rations
 g - a royal jelly
 i - 21 fruits
 q - 10 meat rations
 A - 2 slices of pizza
 B - 2 beef jerkies


   Skills:
 + Level 8.5 Fighting
 - Level 12.5 Axes
 + Level 8.4 Armour
 - Level 3.7 Shields
 - Level 10.1 Invocations


You had 10 spell levels left.
You didn't know any spells.

Dungeon Overview and Level Annotations

Branches:
Dungeon (8/15)             Temple (0/1) D:6            Lair (2/6) D:8
  Swamp: Lair:2-4    Shoals: Lair:2-4     Snake: Lair:2-4    Spider: Lair:2-4

Altars:
Elyvilon
Fedhas
Gozag
Hepliaklqana
Makhleb
Qazlal
Sif Muna
Uskayaw
Vehumet
Xom
Yredelemnul
Zin
The Shining One

Shops:
D:4 *   D:5 [   D:6 *[[[(   D:8 ?

Annotations:
D:5 Sigmund
D:6 Yoshimo's ghost, novice DgSk
D:8 Maurice


Innate Abilities, Weirdness & Mutations

You reflexively headbutt those who attack you in melee.
You have a pair of horns on your head.


Message History

You closely miss the spiny frog.
The spiny frog is lightly wounded.
You hit the spiny frog.
The spiny frog is moderately wounded.
The spiny frog stings you!
* * * LOW HITPOINT WARNING * * *
You hit the spiny frog.
The spiny frog is moderately wounded.
The spiny frog stings you but does no damage.
You slash the spiny frog!
The spiny frog is heavily wounded.
The spiny frog completely misses you. You furiously retaliate!
You headbutt the spiny frog, but do no damage.
You hit the spiny frog but do no damage.
You headbutt the spiny frog, but do no damage.
The spiny frog is heavily wounded.
You hit the spiny frog. Your headbutt misses the spiny frog.
The spiny frog is severely wounded.
The spiny frog stings you.
You die...

#............
.......#...#.
..#.....#...
.......$... . #
..........
...#.#.........
......F....#...
.......@.......
...........P...
.....#.........
.... ..........
... .....#.....
.. ..#...#.#...
. ...#.... #...
......... ..


You could see a spiny frog.

Vanquished Creatures
  The ghost of Exporg the Basher, a novice MiBe of Trog (D:7)
  2 black mambas (Lair:1)
  A spiny frog (Lair:1)
  Grinder (D:6)
  A hippogriff (D:8)
  Eustachio (D:5)
  2 hungry ghosts
  15 yaks (Lair:1)
  Menkaure (D:4)
  A water moccasin (Lair:1)
  Duvessa (D:5)
  A porcupine (Lair:1)
  2 orc warriors (D:8)
  3 sky beasts
  A phantom (D:8)
  A necrophage (D:6)
  5 ogres
  2 centaurs
  3 crocodiles
  A big kobold (D:8)
  7 bullfrogs
  Dowan (D:5)
  2 scorpions (D:4)
  2 howler monkeys (D:6)
  2 crimson imps
  2 orc wizards (D:4)
  2 orc priests
  3 hounds
  A jelly (D:6)
  A bullfrog skeleton (D:8)
  4 worker ants
  Natasha (thrice) (D:2)
  5 iguanas
  7 big kobold zombies (Ossuary)
  A mummy (Ossuary)
  2 worker ant zombies
  Robin (D:2)
  5 gnolls
  8 adders
  An ooze (D:7)
  3 adder skeletons
  2 worms
  4 dart slugs
  2 leopard geckos
  15 orcs
  3 spectral bats (Ossuary)
  A ball python (D:1)
  4 giant cockroaches
  5 gnoll zombies (Ossuary)
  11 hobgoblins
  20 jackals
  20 kobolds
  A quokka (D:7)
  4 bats
  5 bat simulacra (Ossuary)
  5 frilled lizards
  8 goblins
  3 goblin simulacra (Ossuary)
  6 goblin zombies (Ossuary)
  7 hobgoblin zombies (Ossuary)
  3 kobold simulacra (Ossuary)
  3 kobold zombies (Ossuary)
  A leopard gecko zombie (D:8)
  2 orc zombies (Ossuary)
  A quokka zombie (D:6)
  4 rats
  3 rat simulacra (Ossuary)
  5 spectral goblins (Ossuary)
  4 spectral kobolds (Ossuary)
  2 spectral rats (Ossuary)
  5 fungi
  A plant (D:8)
269 creatures vanquished.

Vanquished Creatures (others)
  6 fungi
6 creatures vanquished.

Grand Total: 275 creatures vanquished

Notes
Turn   | Place    | Note
-------+----------+-------------------------------------------
     0 | D:1      | esteth the Minotaur Fighter began the quest for the Orb.
     0 | D:1      | Reached XP level 1. HP: 19/19 MP: 0/0
    80 | D:1      | Reached skill level 3 in Axes
   204 | D:1      | Reached XP level 2. HP: 27/27 MP: 1/1
   386 | D:1      | Reached skill level 4 in Axes
   405 | D:1      | Reached XP level 3. HP: 28/33 MP: 2/2
   665 | D:2      | Found a faded altar of an unknown god.
   667 | D:2      | Noticed Natasha
   674 | D:2      | Killed Natasha
   853 | D:2      | Reached skill level 5 in Axes
   853 | D:2      | Reached XP level 4. HP: 34/40 MP: 3/3
  1042 | D:2      | Noticed Natasha
  1052 | D:2      | Killed Natasha
  1122 | D:2      | Found a hide-covered altar of Uskayaw.
  1133 | D:2      | Reached skill level 6 in Axes
  1172 | D:2      | Noticed Natasha
  1176 | D:2      | Killed Natasha
  1176 | D:2      | Reached XP level 5. HP: 40/46 MP: 4/4
  1241 | D:2      | Noticed Robin
  1257 | D:2      | Killed Robin
  1519 | D:2      | Found a glowing golden altar of the Shining One.
  1519 | D:2      | Found a deep blue altar of Sif Muna.
  1519 | D:2      | Found a white marble altar of Elyvilon.
  1519 | D:2      | Found a shimmering altar of Xom.
  1527 | D:2      | Found a stormy altar of Qazlal.
  1531 | D:2      | Found a hazy altar of Hepliaklqana.
  2913 | D:4      | Reached skill level 7 in Axes
  2970 | D:4      | Found a blossoming altar of Fedhas.
  2980 | D:4      | Reached XP level 6. HP: 32/52 MP: 5/5
  3028 | D:4      | Reached skill level 8 in Axes
  3243 | D:4      | Noticed Menkaure
  3249 | D:4      | Killed Menkaure
  3325 | D:4      | Reached skill level 9 in Axes
  3382 | D:4      | Found Imakicux's Assorted Antiques.
  3487 | D:4      | Reached XP level 7. HP: 54/58 MP: 6/6
  3500 | D:4      | Found a radiant altar of Vehumet.
  3652 | D:4      | Found a glowing silver altar of Zin.
  3652 | D:4      | Found a burning altar of Makhleb.
  3653 | D:4      | Noticed a green death
  3653 | D:4      | Noticed an angel
  3658 | D:4      | Became a worshipper of Makhleb the Destroyer
  3791 | D:5      | Entered Level 5 of the Dungeon
  3850 | D:5      | Reached skill level 10 in Axes
  3916 | D:5      | Noticed Eustachio
  3928 | D:5      | Killed Eustachio
  3952 | D:5      | Found Vuuv's Armour Shop.
  4004 | D:5      | Found an opulent altar of Gozag.
  4077 | D:5      | Noticed Dowan
  4088 | D:5      | Noticed Duvessa
  4105 | D:5      | Killed Duvessa
  4105 | D:5      | Reached skill level 11 in Axes
  4110 | D:5      | Killed Dowan
  4110 | D:5      | Reached XP level 8. HP: 21/66 MP: 7/7
  4467 | D:5      | Found a basalt altar of Yredelemnul.
  4524 | D:5      | Noticed Sigmund
  4652 | D:6      | Reached skill level 12 in Axes
  4670 | D:6      | Found Penilar's Antique Weapon Shoppe.
  4670 | D:6      | Found Caotoog's Antique Armour Boutique.
  4719 | D:6      | Reached * piety under Makhleb
  4737 | D:6      | Found Veseril's General Store.
  4737 | D:6      | Found a staircase to the Ecumenical Temple.
  4890 | D:6      | Noticed Yoshimo's ghost (novice DgSk)
  5207 | D:7      | You fall through a shaft!
  5226 | D:8      | Found a sand-covered staircase.
  5241 | Ossuary  | Entered an ossuary
  5300 | Ossuary  | Reached skill level 1 in Invocations
  5301 | Ossuary  | Reached ** piety under Makhleb
  5702 | D:8      | Reached *** piety under Makhleb
  5705 | D:8      | Found Teusae's Magic Scroll Emporium.
  5906 | D:8      | Reached XP level 9. HP: 56/71 MP: 11/11
  6029 | D:8      | Reached skill level 5 in Invocations
  6105 | D:8      | Noticed Maurice
  6107 | D:8      | Found a staircase to the Lair.
  6337 | D:7      | Noticed Exporg's ghost (novice MiBe)
  6397 | D:7      | Killed Exporg's ghost
  7097 | D:6      | Noticed Grinder
  7119 | D:6      | Killed Grinder
  7390 | D:6      | Found Puloweu's Armour Emporium.
  7549 | D:6      | Found Duachad's Antique Armour Boutique.
  7634 | D:8      | Reached XP level 10. HP: 68/78 MP: 16/16
  7698 | D:8      | Reached skill level 10 in Invocations
  7795 | D:8      | Reached **** piety under Makhleb
  7966 | Lair:1   | Entered Level 1 of the Lair of Beasts
  8005 | Lair:1   | Noticed a black mamba
  8024 | Lair:1   | Killed a black mamba
  8158 | Lair:1   | Reached skill level 5 in Fighting
  8158 | Lair:1   | Reached skill level 5 in Armour
  8375 | Lair:1   | Noticed a spiny frog
  8384 | Lair:1   | Killed a spiny frog
  8783 | Lair:1   | Noticed a black mamba
  8791 | Lair:1   | Killed a black mamba
  8951 | Lair:1   | Reached XP level 11. HP: 94/94 MP: 17/17
  8956 | Lair:1   | Noticed a five-headed hydra
  9032 | Lair:2   | HP: 3/95 [spiny frog (12)]
  9036 | Lair:2   | Slain by a spiny frog

Skill      XL: |  1  2  3  4  5  6  7  8  9 10 |
---------------+-------------------------------+-----
Axes           | 3 4 5 6 7 9 11 12 | 12.5
Invocations    | 4 9 10 | 10.1
Fighting       | 8 |  8.5
Armour         | 8 |  8.4
Shields        | |  3.7

Action                   |  1- 3 |  4- 6 |  7- 9 | 10-12 || total
-------------------------+-------+-------+-------+-------++-------
Melee: War axe           |    68 |   131 |   469 |   192 ||   860
       Headbutt          |     4 |    23 |    82 |    47 ||   156
  Use: Scroll            |       |    10 |       |       ||    10
       Potion            |       |       |       |     3 ||     3
  Eat: Chunk             |       |     4 |    13 |     5 ||    22
       Bread ration      |       |     1 |     1 |       ||     2
       Fruit             |       |       |       |     1 ||     1
Armor: Scale mail        |    20 |    30 |       |       ||    50
       Chain mail        |       |    25 |   163 |    85 ||   273
Dodge: Dodged            |    22 |    30 |    66 |    54 ||   172
Block: Shield            |    29 |    49 |   188 |    87 ||   353
